Map: Rhoskallian LE

Players

BEasy - Winner!

  • Race: Protoss Protoss
  • League: Gold
  • Spawn Location: 11:00

PAUDA - Winner!

  • Race: Terran Terran
  • Spawn Location: 12:00

CLOUDMATIC

  • Race: Zerg Zerg
  • League: Gold
  • Spawn Location: 5:00

David

  • Race: Terran Terran
  • Spawn Location: 6:00

VOD

Have the link to the VOD?

Description

Time

  • Played on: April 10, 2025, 10:43 a.m.
  • Length: 18:14
Show
View Real Time Build Order
Export as new Build Order

BEasy Protoss - Winner!

Build Orders:  

Get SALT Encoding   

  12  0:05  Probe  
  13  0:17  Probe  
  14  0:28  Pylon  
  14  0:29  Probe  
  14  0:34  Assimilator  
  15  0:46  Probe  
  16  0:53  Gateway  
  16  0:58  Probe  
  17  1:05  Forge  
  17  1:16  Pylon  
  17  1:46  Nexus  
  17  1:50  Photon Cannon  
  17  1:57  Assimilator  
  17  2:14  Cybernetics Core  
  17  2:17  Probe  
  17  2:21  Zealot  
  20  2:29  Probe  
  21  2:40  Assimilator  
  21  2:41  Probe  
  22  2:46  Warp Gate, Pylon  
  22  2:49  Pylon  
  22  3:03  Probe  
  22  3:07  Probe  
  24  3:15  Probe  
  24  3:18  Gateway  
  24  3:19  Probe  
  26  3:27  Gateway  
  26  3:28  Probe  
  26  3:31  Probe  
  28  3:34  Assimilator  
  28  3:37  Protoss Ground Weapons Level 1  
  28  3:45  Probe x2  
  30  3:57  Probe  
  30  3:58  Probe  
  30  4:01  Robotics Facility  
  32  4:08  Probe x2  
  33  4:16  Probe  
  33  4:17  Probe  
  36  4:24  Probe  
  36  4:25  Probe  
  38  4:36  Probe x2  
  40  4:43  Stalker  
  40  4:44  Stalker  
  44  4:45  Stalker  
  44  4:48  Probe x2  
  48  5:00  Probe x2  
  50  5:24  Stalker x2  
  50  5:25  Stalker  
  48  5:49  Probe x2  
  50  5:58  Observer  
  50  6:01  Probe x2  
  53  6:10  Protoss Ground Armor Level 1  
  53  6:11  Gateway  
  53  6:15  Gateway, Observer  
  54  6:20  Pylon x2  
  54  6:22  Pylon  
  54  6:33  Observer  
  55  6:40  Stalker  
  55  6:41  Stalker x2  
  61  6:51  Warp Prism  
  63  7:14  Stalker  
  63  7:15  Stalker x2  
  69  7:41  Twilight Council  
  69  7:48  Gateway x2  
  69  7:50  Gateway  
  69  7:53  Gateway  
  69  8:05  Pylon  
  69  8:08  Pylon  
  69  8:10  Pylon  
  69  8:20  Charge  
  69  8:49  Zealot x3, Dark Shrine  
  69  8:50  Zealot x6  
  87  9:14  Zealot  
  87  9:15  Zealot x4  
  87  9:16  Zealot x4  
  105  9:29  Pylon  
  105  9:30  Pylon  
  105  9:38  Zealot  
  105  9:39  Pylon  
  105  9:40  Zealot, Pylon  
  109  9:48  Zealot x3  
  109  9:49  Zealot x4  
  123  10:10  Dark Templar x3  
  123  10:11  Dark Templar x5  
  79  10:55  Dark Templar x2  
  79  10:56  Dark Templar x6  
  93  11:34  Zealot x4  
  93  11:35  Zealot x3  
  93  11:36  Zealot  
  101  12:07  Zealot  
  101  12:08  Zealot x6  
  107  12:09  Zealot  
  117  12:27  Dark Templar  
  119  12:31  Dark Templar  
  119  12:32  Dark Templar  
  115  12:50  Dark Templar x2  
  113  12:51  Dark Templar  
  113  12:52  Dark Templar  
  79  13:14  Archon x3  
  79  13:29  Zealot x6  
  79  13:30  Zealot x3  
  97  13:41  Warp Prism  
  51  14:54  Nexus  
  51  14:57  Pylon  
  51  14:58  Pylon  
  51  15:00  Pylon  
  51  15:01  Zealot  
  51  15:02  Zealot x6  
  51  15:03  Zealot x2  
  69  15:28  Dark Templar x3  
  73  15:34  Dark Templar  
  59  16:28  Stalker x4  
  59  16:29  Stalker x3  
  63  16:41  Dark Templar  
  63  16:42  Dark Templar  
  63  16:52  Zealot  
  63  16:54  Zealot  
  65  17:13  Stalker  
  65  17:14  Stalker x3  
  73  17:40  Dark Templar x3  
  73  17:41  Dark Templar x3  
Show
View Real Time Build Order
Export as new Build Order

PAUDA Terran - Winner!

Build Orders:  

Get SALT Encoding   

  12  0:01  SCV  
  13  0:13  SCV  
  14  0:25  Supply Depot  
  14  0:26  SCV  
  15  0:30  Refinery  
  15  0:47  SCV  
  16  0:53  Barracks  
  15  1:16  SCV  
  16  1:28  SCV  
  16  1:30  Barracks  
  17  1:40  SCV  
  17  1:42  Refinery  
  18  1:48  Barracks Reactor  
  18  1:52  SCV  
  19  2:05  Orbital Command  
  19  2:18  Barracks Tech Lab  
  19  2:24  Command Center  
  19  2:30  Marine x2  
  21  2:39  Marine  
  21  2:40  Stimpack  
  22  2:56  Marine  
  23  3:01  Supply Depot  
  23  3:09  Engineering Bay  
  23  3:22  SCV, Marine  
  25  3:33  Marine x2  
  27  3:34  SCV  
  28  3:42  Missile Turret  
  28  3:45  Orbital Command  
  28  3:47  SCV  
  29  3:58  Missile Turret  
  29  3:59  SCV  
  30  4:03  Missile Turret  
  30  4:07  Marine x2  
  32  4:11  SCV  
  33  4:23  SCV, Factory  
  34  4:27  SCV  
  34  4:28  Refinery  
  34  4:30  Combat Shield  
  33  5:11  Refinery  
  29  5:23  Marine x3  
  32  5:39  Factory Tech Lab  
  32  5:41  Marine x2  
  31  5:59  Siege Tank  
  31  6:00  Missile Turret x2  
  31  6:02  SCV  
  35  6:14  SCV  
  36  6:20  Barracks  
  36  6:26  SCV, Barracks  
  36  6:27  Barracks  
  36  6:31  Siege Tank  
  40  6:33  Terran Infantry Weapons Level 1  
  40  6:34  Barracks  
  40  6:37  Engineering Bay  
  40  6:38  SCV  
  40  6:39  Armory  
  41  6:46  SCV  
  42  6:58  SCV  
  43  7:02  Supply Depot  
  43  7:03  Supply Depot  
  43  7:04  Supply Depot  
  43  7:06  Terran Infantry Armor Level 1  
  43  7:08  SCV  
  44  7:10  SCV  
  44  7:11  Barracks Reactor  
  44  7:15  Barracks Reactor  
  45  7:16  Barracks Reactor  
  45  7:20  SCV, Barracks Reactor  
  46  7:23  SCV  
  46  7:29  Starport  
  47  7:30  Starport  
  47  7:32  SCV  
  47  7:36  SCV  
  49  7:44  SCV  
  50  7:56  SCV  
  51  8:05  Marine x3, Marauder  
  53  8:06  Marine x7  
  53  8:08  SCV  
  53  8:09  Concussive Shells  
  64  8:13  Supply Depot  
  64  8:14  Supply Depot  
  64  8:16  Supply Depot  
  64  8:17  Starport Reactor x2  
  64  8:18  Supply Depot  
  64  8:20  SCV  
  64  8:27  Marauder  
  67  8:51  Terran Infantry Weapons Level 2  
  67  8:57  Marine x5, Marauder  
  67  8:58  Marine x5  
  79  9:08  Medivac x3  
  85  9:11  Medivac  
  85  9:15  Marine x5  
  92  9:18  Marauder  
  92  9:23  SCV  
  95  9:35  SCV  
  96  9:47  SCV  
  96  9:51  Command Center  
  97  10:06  Marine x2  
  97  10:07  Marine, Marauder  
  101  10:13  Supply Depot  
  102  10:14  Supply Depot  
  102  10:16  Supply Depot, Terran Infantry Armor Level 2  
  102  10:34  Marine x6, Medivac  
  110  10:36  Marine x4, Marauder  
  116  10:52  Marine x2  
  116  12:12  Marine x3, Marauder  
  116  12:13  Marine  
  92  12:57  Viking x4  
  87  13:27  Viking x3  
  93  13:41  Terran Infantry Armor Level 3, Terran Infantry Weapons Level 3  
  93  14:00  SCV  
  94  14:12  SCV  
  95  14:21  Barracks  
  95  14:24  SCV, Barracks x2  
  95  14:25  Barracks  
  95  14:27  Barracks  
  96  14:34  Command Center  
  96  14:36  SCV  
  80  15:09  Marine x5  
  80  15:13  Barracks Tech Lab  
  85  15:15  Barracks Reactor x2  
  85  15:16  Barracks Reactor  
  85  15:18  Orbital Command  
  85  15:26  Marine x2  
  85  15:27  Marine x2  
  89  15:44  Marine x2  
  91  16:00  Refinery  
  91  16:04  Refinery  
  88  16:47  Marine x5, Marauder  
  88  16:48  Marine x6  
  88  16:51  Viking  
  88  16:52  Viking x3  
  106  17:09  Marauder  
  108  17:19  Orbital Command  
  108  17:21  Viking  
  108  17:22  Viking  
  111  17:25  Refinery  
  106  17:33  SCV  
  107  17:45  SCV  
  111  17:57  SCV  
  112  18:02  SCV  
Show
View Real Time Build Order
Export as new Build Order

CLOUDMATIC Zerg 

Build Orders: Hatch First 

Get SALT Encoding   

  12  0:00  Drone  
  13  0:08  Drone  
  14  0:30  Extractor  
  14  0:31  Drone x2, Extractor  
  15  0:50  Hatchery  
  14  1:06  Spawning Pool  
  13  1:32  Drone  
  14  1:35  Overlord  
  14  1:37  Extractor  
  14  1:38  Drone  
  14  1:54  Lair  
  14  1:59  Drone x2  
  16  2:03  Drone  
  17  2:10  Extractor  
  16  2:21  Drone x2  
  16  2:22  Drone  
  19  2:25  Drone  
  20  2:44  Drone  
  20  2:45  Drone x2  
  23  2:54  Nydus Network  
  22  2:59  Drone x3  
  22  3:05  Overlord  
  25  3:18  Metabolic Boost  
  25  3:27  Pneumatized Carapace  
  25  3:29  Drone x3  
  28  3:37  Overlord x2  
  28  4:01  Zergling x10  
  33  4:10  Zergling x2  
  33  4:11  Queen  
  33  4:14  Zergling x4  
  33  4:15  Queen  
  40  4:23  Zergling x2  
  40  4:24  Zergling x2  
  42  4:27  Baneling Nest  
  41  4:36  Nydus Canal  
  41  4:41  Zergling x4  
  43  5:00  Nydus Canal  
  40  5:11  Zergling x12  
  39  5:26  Zergling x4  
  40  5:52  Hatchery  
  40  5:55  Extractor  
  40  5:56  Extractor  
  37  6:04  Drone x6  
  39  6:06  Overlord x4  
  43  6:31  Drone x5  
  43  6:32  Drone x2  
  50  6:37  Queen  
  50  6:38  Queen  
  54  6:42  Infestation Pit  
  54  6:46  Evolution Chamber  
  52  6:48  Evolution Chamber  
  52  6:51  Drone x6  
  57  7:01  Drone  
  58  7:12  Drone x5  
  58  7:14  Hatchery  
  62  7:16  Queen  
  62  7:19  Hive  
  64  7:23  Zerg Melee Weapons Level 1  
  64  7:24  Drone x2  
  64  7:25  Drone x4  
  64  7:29  Extractor  
  69  7:30  Extractor  
  68  7:37  Overlord  
  68  7:40  Hatchery  
  67  7:51  Drone  
  67  7:52  Drone x7  
  67  7:58  Drone x4  
  78  8:01  Baneling x4  
  78  8:02  Baneling x7  
  78  8:03  Baneling  
  78  8:04  Baneling  
  79  8:11  Nydus Canal  
  79  8:14  Baneling  
  79  8:15  Baneling  
  79  8:27  Nydus Canal  
  79  8:32  Drone x2  
  79  8:33  Drone x8  
  79  8:34  Drone x3  
  92  8:46  Zerg Missile Weapons Level 1  
  92  8:47  Evolution Chamber  
  91  8:50  Hydralisk Den  
  91  8:54  Drone x6  
  91  8:55  Drone x2  
  98  9:04  Drone  
  98  9:05  Drone x2  
  101  9:10  Overlord x3  
  101  9:11  Overlord x2  
  101  9:17  Zerg Melee Weapons Level 2  
  101  9:18  Ultralisk Cavern  
  100  9:25  Extractor  
  100  9:26  Extractor  
  100  9:29  Drone x8  
  100  9:30  Drone x6  
  112  9:32  Queen  
  112  9:38  Drone x9  
  120  9:39  Drone x3  
  126  9:46  Nydus Canal  
  126  9:57  Drone x4  
  126  9:58  Drone x6, Spire  
  126  9:59  Centrifugal Hooks  
  135  10:05  Extractor x2  
  133  10:09  Hatchery  
  133  10:14  Extractor  
  131  10:16  Anabolic Synthesis  
  131  10:18  Extractor  
  131  10:19  Drone  
  131  10:20  Drone x9  
  131  10:21  Drone, Overlord x3  
  141  10:26  Hatchery  
  140  10:38  Overlord x3  
  140  10:39  Overlord x2  
  131  10:58  Overseer  
  131  10:59  Overseer  
  127  11:07  Zergling x10  
  127  11:08  Zergling x18  
  127  11:09  Zergling x10  
  129  11:14  Zergling x4  
  125  11:20  Queen  
  110  11:30  Extractor, Ultralisk x5  
  110  11:32  Hatchery  
  120  11:35  Extractor  
  120  11:36  Baneling x8  
  120  11:37  Baneling x8  
  120  11:38  Baneling  
  117  11:41  Zerg Missile Weapons Level 2  
  117  12:07  Overlord x6  
  117  12:08  Overlord x3  
  115  12:19  Spine Crawler  
  97  12:23  Spine Crawler x2  
  97  12:24  Spine Crawler  
  94  12:30  Ultralisk x2  
  94  12:31  Ultralisk  
  112  12:47  Zergling x12  
  73  13:08  Zergling x4  
  73  13:09  Zergling x2  
  74  13:17  Lair  
  74  13:19  Spawning Pool  
  61  13:31  Hatchery  
  60  13:44  Drone x4  
  61  14:01  Drone x2  
  54  14:20  Zergling x2  
  9  15:01  Drone x5  
  14  15:08  Drone  
  14  15:12  Drone x4  
  14  15:13  Drone x3  
  22  15:26  Drone x4  
  26  15:36  Drone x2  
  28  15:45  Drone x5  
  28  15:48  Drone x3  
  28  15:49  Drone  
  37  15:53  Spawning Pool  
  36  16:02  Hatchery  
  29  16:16  Drone x3  
  29  16:17  Drone x3  
Show
View Real Time Build Order
Export as new Build Order

David Terran 

Build Orders:  

Get SALT Encoding   

  12  0:01  SCV  
  13  0:15  Supply Depot  
  14  0:21  SCV  
  14  0:33  SCV  
  15  0:45  SCV, Barracks  
  16  0:55  Refinery  
  16  0:57  SCV  
  17  1:09  SCV  
  18  1:23  SCV  
  19  1:35  SCV  
  19  1:37  Engineering Bay  
  20  1:41  Marine  
  21  1:50  Supply Depot  
  21  1:58  SCV, Marine  
  23  2:15  Barracks  
  23  2:16  Barracks  
  23  2:20  Refinery  
  23  2:22  SCV  
  24  2:37  Orbital Command  
  24  2:39  Marine  
  25  2:51  Terran Infantry Weapons Level 1  
  25  2:57  Marine  
  26  3:09  Factory  
  26  3:15  Marine  
  27  3:27  Supply Depot  
  27  3:31  Marine x2  
  27  3:33  Marine  
  30  3:43  SCV  
  31  3:49  Supply Depot, Marine x2  
  31  3:51  Marine  
  31  3:55  SCV  
  35  4:06  Marine  
  35  4:07  SCV, Marine  
  35  4:08  Factory Tech Lab  
  35  4:09  Marine  
  39  4:11  Supply Depot  
  39  4:19  SCV  
  40  4:25  Command Center  
  40  4:30  Siege Tank  
  40  4:31  SCV  
  44  4:50  Factory  
  44  4:51  SCV  
  45  5:03  SCV  
  46  5:15  SCV  
  46  5:17  Barracks Tech Lab x3  
  47  5:21  Siege Tank  
  50  5:30  SCV  
  51  5:37  Factory Tech Lab  
  52  5:42  SCV  
  52  5:47  Armory  
  52  5:53  Marauder  
  52  5:54  SCV, Marauder  
  57  5:58  Starport  
  57  6:07  SCV, Refinery  
  57  6:09  Refinery  
  58  6:17  Siege Tank  
  61  6:19  SCV, Marine x3  
  65  6:32  SCV  
  66  6:34  SCV  
  66  6:36  Marine  
  66  6:37  Marine  
  69  6:44  SCV  
  70  6:51  Starport Tech Lab  
  70  6:55  Starport  
  70  6:57  Supply Depot  
  70  7:19  SCV x2, Thor  
  70  7:21  Supply Depot  
  78  7:42  SCV, Medivac  
  78  7:43  SCV  
  82  7:44  Supply Depot  
  82  7:55  SCV x2  
  84  8:12  Supply Depot, Starport Tech Lab  
  84  8:20  Thor  
  84  8:23  Siege Tank  
  84  8:25  Marine  
  94  8:33  Marine x2, Medivac  
  98  8:35  Supply Depot  
  98  8:36  Banshee  
  101  8:43  Marine  
  101  8:45  Supply Depot  
  102  8:57  Marine x2  
  102  9:01  Marine  
  105  9:08  Supply Depot  
  105  9:14  Marine x2  
  107  9:19  Marine  
  108  9:29  Fusion Core, Banshee x2  
  108  9:31  Supply Depot  
  114  9:32  Marine x2  
  114  9:36  Marine  
  117  9:40  SCV x2  
  119  9:50  Marine x2  
  119  9:52  SCV  
  122  9:53  SCV  
  122  9:54  Supply Depot, Terran Infantry Weapons Level 2  
  123  10:03  Terran Vehicle Weapons Level 1  
  123  10:04  SCV  
  123  10:05  SCV  
  123  10:06  Command Center  
  125  10:11  Banshee  
  128  10:14  Combat Shield  
  128  10:16  SCV  
  128  10:17  Supply Depot, SCV  
  130  10:27  Refinery  
  130  10:28  SCV  
  130  10:29  SCV  
  107  11:16  Orbital Command  
  107  11:21  SCV  
  107  11:22  Refinery  
  108  11:29  Marine  
  108  11:30  Marine x2  
  111  11:33  Siege Tank x2  
  111  11:34  SCV, Medivac  
  111  11:35  Medivac  
  122  11:46  SCV  
  123  11:47  Marine x3  
  126  11:58  SCV  
  123  12:04  Banshee  
  123  12:05  Marine x3, Banshee  
  128  12:10  SCV, Terran Infantry Armor Level 1  
  112  12:22  Marine  
  112  12:23  Marine x2  
  89  12:40  Marine  
  89  12:41  Marine x2  
  87  12:47  Banshee  
  67  12:58  Marine  
  67  12:59  Marine x2  
  67  13:05  SCV x2  
  66  13:16  Marine x3  
  66  13:17  SCV  
  66  13:18  SCV  
  71  13:29  SCV  
  71  13:30  SCV  
  71  13:34  Marine x3  
  76  13:41  SCV  
  76  13:42  SCV  
  78  13:52  Marine x3  
  78  13:53  SCV  
  78  13:54  SCV  
  83  14:04  Medivac x2  
  83  14:09  Marine  
  87  14:10  Marine x2  
  90  14:27  Marine  
  90  14:28  Marine x2  
  93  14:45  Marine  
  94  14:46  Marine x2  
  91  15:03  Marine x3  
  93  15:18  Siege Tank  
  93  15:19  Siege Tank  
  93  15:21  Marine x3  
  100  15:22  Medivac x2  
  106  15:38  Marine  
  106  15:39  Marine x2  
  109  15:55  Liberator  
  109  15:56  Marine  
  109  15:57  Marine x2  
  109  15:59  Liberator  
  109  16:04  Siege Tank  
  110  16:21  Marine x2  
  110  16:22  Marine  
  110  16:30  Siege Tank  
  109  16:36  Siege Tank  
  109  16:39  Marine x3  
  108  16:43  Liberator  
  102  16:56  Marine  
  102  16:57  Marine x2  
  95  17:02  Siege Tank  
  88  17:08  Siege Tank  
  88  17:14  Marine x2  
  88  17:15  Marine  
  61  17:32  Marine x2  
  61  17:33  Marine  
  61  17:34  Siege Tank  
  67  17:40  Siege Tank  
  70  17:50  Marine x2  
  70  17:51  Marine  
Tags
 
Add a new tag
Caveats
  • Supply blocks, unpowered buildings, or Contaminate may cause inaccurate times.
  • Supply counts are checked every 10 seconds.